Map: Acropolis LE

Players

DarwinAwdWnr - Winner!

  • Race: Zerg Zerg
  • League: Gold
  • Spawn Location: 5:00

Senpi

  • Race: Protoss Protoss
  • League: Platinum
  • Spawn Location: 11:00

VOD

Have the link to the VOD?

Description

Time

  • Played on: June 23, 2019, 12:54 p.m.
  • Length: 19:18
Show
View Real Time Build Order
Export as new Build Order

DarwinAwdWnr Zerg - Winner!

Build Orders: Hatch First, Swarm Host 

Get SALT Encoding   

  12  0:01  Drone  
  13  0:11  Drone  
  14  0:17  Overlord  
  14  0:35  Drone x2  
  16  0:50  Hatchery  
  15  0:59  Drone x2  
  15  1:01  Drone  
  18  1:06  Extractor  
  17  1:18  Spawning Pool  
  16  1:20  Drone  
  17  1:36  Drone x2  
  19  1:54  Hatchery  
  19  1:59  Drone x2  
  20  2:06  Zergling x4  
  22  2:12  Queen  
  24  2:35  Drone x4  
  24  2:36  Overlord  
  28  2:51  Metabolic Boost  
  28  2:55  Lair  
  27  3:07  Drone  
  27  3:08  Drone x6  
  33  3:24  Queen  
  33  3:26  Zergling x2  
  38  3:27  Zergling x8  
  38  3:33  Queen  
  41  3:40  Overlord x2  
  41  3:49  Drone  
  41  4:01  Drone x7  
  48  4:08  Queen  
  49  4:36  Drone x9  
  57  4:41  Spore Crawler  
  56  4:46  Infestation Pit, Extractor  
  56  4:48  Drone x3  
  56  4:51  Spore Crawler  
  56  4:52  Overlord x2  
  56  4:53  Overlord  
  56  4:55  Extractor  
  56  4:56  Extractor  
  54  5:20  Extractor x2  
  52  5:46  Pneumatized Carapace  
  52  5:52  Queen  
  52  5:53  Queen  
  52  5:59  Zergling x34  
  65  6:05  Spine Crawler  
  65  6:06  Spore Crawler  
  59  6:11  Zergling x16  
  59  6:26  Overseer  
  49  6:59  Drone x10  
  57  7:23  Drone x6  
  42  7:44  Swarm Host  
  42  7:45  Swarm Host x11  
  72  8:00  Swarm Host x3  
  75  8:37  Drone  
  75  8:38  Drone x6  
  82  8:55  Spawning Pool  
  81  9:13  Drone  
  81  9:14  Drone  
  81  9:15  Overlord x4  
  81  9:16  Overlord  
  81  9:32  Nydus Network  
  80  9:46  Queen  
  80  9:47  Queen x2  
  86  9:56  Drone  
  86  9:57  Drone x8  
  95  10:09  Nydus Canal  
  95  10:22  Queen x2  
  97  10:48  Swarm Host  
  97  10:49  Swarm Host x7  
  118  11:11  Overlord x3  
  118  11:12  Overlord  
  118  11:29  Queen x2  
  122  11:56  Nydus Canal  
  122  12:01  Drone x10  
  132  12:16  Nydus Canal  
  126  12:36  Swarm Host x5  
  126  12:37  Swarm Host x3  
  144  12:53  Nydus Canal  
  144  13:02  Drone x2  
  144  13:03  Drone x2  
  148  13:22  Hatchery  
  147  13:34  Hatchery  
  147  13:35  Nydus Canal  
  146  14:11  Nydus Canal  
  146  14:12  Overlord x3  
  146  14:13  Overlord  
  146  14:25  Overlord  
  146  14:45  Nydus Canal  
  146  14:50  Swarm Host  
  146  14:51  Swarm Host x7  
  143  15:06  Swarm Host  
  143  15:07  Swarm Host x6  
  164  15:15  Drone x4  
  164  15:16  Drone x3  
  171  15:23  Nydus Canal  
  171  16:05  Nydus Canal  
  171  16:11  Overseer  
  171  16:14  Drone x2  
  171  16:15  Overlord, Drone x3  
  171  16:16  Overlord x2  
  176  16:23  Spire  
  175  16:45  Overseer  
  175  16:46  Overseer x7  
  175  16:47  Overseer x3  
  175  17:10  Drone, Swarm Host x3  
  175  17:11  Drone x4, Swarm Host x3  
  175  17:12  Drone x2  
  200  17:16  Nydus Canal  
  200  17:45  Spine Crawler x2  
  200  17:46  Extractor  
  200  17:47  Spore Crawler, Spine Crawler  
  200  17:48  Extractor  
  191  18:28  Nydus Canal  
  176  18:51  Mutalisk x7  
  176  18:52  Mutalisk x6  
Show
View Real Time Build Order
Export as new Build Order

Senpi Protoss 

Build Orders: 1 Gate Expand, Zealot Archon, Archon Drop, Dark Templar Rush 

Get SALT Encoding   

  12  0:00  Probe  
  13  0:13  Probe  
  14  0:20  Pylon  
  14  0:25  Probe  
  15  0:37  Probe  
  15  0:39  Gateway  
  16  0:45  Probe  
  16  0:49  Assimilator  
  17  0:55  Probe  
  18  1:07  Probe  
  19  1:23  Nexus  
  19  1:34  Cybernetics Core  
  19  1:40  Assimilator  
  19  1:42  Probe  
  20  1:49  Pylon  
  20  1:54  Probe  
  21  2:01  Adept  
  21  2:06  Probe  
  24  2:17  Twilight Council  
  24  2:20  Probe  
  25  2:32  Probe  
  27  2:37  Probe  
  27  2:41  Zealot  
  29  2:49  Probe, Warp Gate  
  30  2:55  Gateway  
  30  3:01  Probe  
  31  3:07  Dark Shrine  
  31  3:09  Robotics Facility  
  31  3:29  Probe x2  
  33  3:35  Adept  
  35  3:41  Probe  
  35  3:44  Probe  
  35  3:57  Warp Prism  
  35  4:00  Probe x2, Pylon  
  35  4:01  Gateway  
  39  4:04  Pylon  
  39  4:05  Adept  
  39  4:06  Assimilator  
  39  4:08  Assimilator  
  41  4:12  Probe  
  42  4:39  Adept  
  44  4:47  Probe x2  
  44  4:48  Gateway  
  44  4:50  Gateway  
  46  4:54  Pylon  
  46  4:58  Dark Templar x2  
  50  5:02  Archon  
  50  5:07  Probe x2  
  52  5:28  Gateway  
  52  5:29  Gateway  
  52  5:30  Dark Templar x3  
  52  5:31  Forge  
  58  5:37  Archon  
  58  5:55  Probe x2  
  60  6:07  Probe x2  
  62  6:16  Dark Templar x3  
  66  6:21  Archon  
  66  6:27  Adept x2  
  70  6:34  Pylon  
  70  6:36  Pylon  
  70  6:38  Protoss Ground Weapons Level 1  
  66  6:52  Adept x6  
  66  6:53  Adept, Resonating Glaives  
  68  7:05  Probe x2  
  70  7:14  Zealot x6  
  70  7:15  Zealot  
  84  7:20  Pylon  
  84  7:23  Pylon  
  72  7:55  Adept x6  
  72  7:56  Adept  
  74  8:28  Warp Prism  
  72  8:58  Robotics Bay  
  72  9:02  Robotics Facility  
  72  9:03  Adept x6  
  72  9:04  Adept  
  86  9:17  Nexus, Pylon  
  84  9:25  Protoss Ground Weapons Level 2  
  84  9:27  Adept x2  
  84  9:28  Adept x5  
  98  9:37  Colossus  
  100  9:40  Colossus  
  110  10:07  Pylon  
  110  10:11  Pylon  
  110  10:15  Pylon  
  110  10:17  Pylon  
  110  10:25  Probe x2  
  112  10:31  Colossus  
  116  10:38  Probe  
  109  10:47  Adept x6  
  109  10:48  Adept  
  121  11:10  Dark Templar x5  
  97  11:34  Adept x2  
  71  11:52  Stalker x3  
  71  11:53  Stalker x2  
  81  12:01  Probe  
  81  12:07  Dark Templar x2  
  65  12:30  Dark Templar  
  65  12:36  Probe x2  
  65  12:37  Probe  
  70  12:48  Probe  
  70  12:49  Probe x2  
  73  12:54  Adept  
  73  12:55  Adept x5  
  73  12:57  Probe  
  73  12:58  Probe  
  85  13:01  Probe  
  88  13:05  Probe  
  88  13:06  Probe  
  90  13:13  Probe  
  90  13:15  Probe x2  
  93  13:25  Probe  
  94  13:27  Probe  
  94  13:31  Adept  
  94  13:32  Adept x4  
  100  14:17  Cybernetics Core  
  100  14:20  Gateway  
  100  14:24  Gateway  
  92  15:18  Adept  
  94  15:26  Pylon  
  94  15:28  Nexus  
  94  15:30  Pylon  
  94  15:41  Assimilator  
  94  16:34  Dark Templar  
  75  16:55  Pylon  
  75  16:57  Pylon  
  75  16:59  Probe, Pylon  
  76  17:01  Probe  
  77  17:11  Probe  
  77  17:14  Probe  
  79  17:19  Nexus  
  79  17:22  Pylon  
  79  17:24  Probe, Assimilator  
  79  17:26  Probe, Assimilator  
  81  17:36  Probe  
  82  17:38  Probe  
  83  17:48  Probe  
  84  18:00  Adept  
  84  18:01  Adept x3  
  74  18:40  Adept x3  
  74  18:41  Adept  
  72  19:10  Zealot x4  
Tags
 
Add a new tag
Caveats
  • Supply blocks, unpowered buildings, or Contaminate may cause inaccurate times.
  • Supply counts are checked every 10 seconds.